[Event "*** Titled Tuesday Blitz"]
[Site "Chess.com"]
[Date "2020.11.24"]
[Round "3"]
[White "orestn"]
[Black "alexrustemov"]
[Result "0-1"]
[WhiteElo "2289"]
[BlackElo "2648"]
[TimeControl "180+1"]
[EndTime "10:44:22 PST"]
[Termination "alexrustemov won by resignation"]

1. e4 e6 2. d4 d5 3. e5 c5 4. c3 Qb6 5. Nf3 Bd7 6. Bd3 Bb5 7. dxc5 Bxc5 8. b4 Bxd3 9. Qxd3 Be7 10. Be3 Qa6 11. Qxa6 Nxa6 12. Nd4 Kd7 13. Ke2 f6 14. f4 Nh6 15. Nd2 fxe5 16. fxe5 Nf7 17. N2f3 Rhc8 18. Rhc1 Rc4 19. Nb5 Re4 20. Kd3 Nxe5+ 21. Nxe5+ Rxe5 22. Bxa7 Rg5 23. g3 Rf5 24. a4 e5 25. Rf1 Raf8 26.
Rxf5 Rxf5 27. Ke2 Rh5 28. h4 g5 29. hxg5 Rh2+ 30. Kf3 Bxg5 31. Kg4 Be7 32. Rf1 Ke6 33. Bb6 h5+ 34. Kf3 Bg5 35. Bf2 e4+ 36. Ke2 e3 37.
Nd4+ 0-1

[Event "*** Titled Tuesday Blitz"]
[Site "Chess.com"]
[Date "2020.11.24"]
[Round "3"]
[White "LaPorfia"]
[Black "TurboSteen"]
[Result "1-0"]
[WhiteElo "2301"]
[BlackElo "1969"]
[TimeControl "180+1"]
[EndTime "10:44:22 PST"]
[Termination "LaPorfia won by resignation"]

1. d4 Nf6 2. Nf3 e6 3. Bf4 d5 4. Nbd2 c5 5. e3 Nc6 6. c3 Qb6 7.
Rb1 Be7 8. Bd3 Nh5 9. Bg3 Bd7 10. Ne5 Nxg3 11. hxg3 Nxe5 12. dxe5 g6 13. Qf3 Bb5 14. Bxb5+ Qxb5 15. e4 Bg5 16. exd5 Bxd2+ 17. Kxd2 O-O-O 18. d6 c4 19. Rhe1 f6 20. Qxf6 Qd5+ 21. Kc1 Rhf8 22. Qe7 Kb8 23. f4 Qxg2 24. Qc7+ Ka8 25. Qxc4 Qxg3 26.
Rf1 g5 27. Kc2 Rxf4 28. Rxf4 Qxf4 29. Qxf4 gxf4 30. Rh1 Rd7 31. Kd3 Kb8 32. Ke4 Rf7 33.
Rf1 Kc8 34. Rxf4 Rxf4+ 35. Kxf4 Kd7 36. Kg5 1-0

[Event "*** Titled Tuesday Blitz"]
[Site "Chess.com"]
[Date "2020.11.24"]
[Round "3"]
[White "amintabatabaei"]
[Black "Witik"]
[Result "1-0"]
[WhiteElo "2965"]
[BlackElo "2701"]
[TimeControl "180+1"]
[EndTime "10:44:23 PST"]
[Termination "amintabatabaei won by resignation"]

1. d4 d5 2. Nf3 e6 3. c3 Bd6 4.
Bg5 f6 5. Bh4 Nh6 6. Nbd2 Nf5 7.
Bg3 Nxg3 8. hxg3 f5 9. e3 Nd7 10. Bd3 g6 11. g4 Nf6 12. gxf5 exf5 13. Ne5 Qe7 14. f4 Rg8 15. Qb3 c6 16. c4 Be6 17.
c5 Bxe5 18. fxe5 Ne4 19. Nxe4 fxe4 20. Be2 h5 21. Qa3 Rf8 22. Kd2 Kd7 23. Raf1 Qg5 24.
Qb4 Kc7 25. Qa5+ b6 26. Qa6 Rfb8 27. Rb1 bxc5 28. Qa5+ Kd7 29. Qxc5 Rb6 30. Qd6+ 1-0

[Event "*** Titled Tuesday Blitz"]
[Site "Chess.com"]
[Date "2020.11.24"]
[Round "3"]
[White "Qvalda"]
[Black "klimkoj"]
[Result "0-1"]
[WhiteElo "2421"]
[BlackElo "2617"]
[TimeControl "180+1"]
[EndTime "10:44:23 PST"]
[Termination "klimkoj won by resignation"]

1. e4 c5 2. a3 e5 3. b4 cxb4 4. axb4 Bxb4 5. c3 Be7 6. d4 d5 7. dxe5 dxe4 8. Qa4+ Nc6 9. Qxe4 Be6 10. Nf3 Qd5 11.
Bd3 O-O-O 12. Bc2 Bc5 13. O-O Nge7 14. Ba3 Bxa3 15. Nxa3 Qc5 16. Qa4 a6 17. Be4 Nd5 18. Bxd5 Bxd5 19. Nd4 Nxe5 20. Rfd1 Rhe8 21. c4 Bc6 22. Nxc6 Nxc6 23. Rxd8+ Rxd8 24. h3 Rd2 25. Rf1 Ra2 26. Qd1 Rxa3 27. Qg4+ f5 28. Qxg7 Rd3 29. Qxh7 Rd7 30. Qg8+ Kc7 31. h4 Rd8 32. Qg7+ Qe7 33. Qg3+ Qe5 34. Qf3 Nd4 35. Qh5 a5 36. Rb1 Rd7 37.
Qd1 Ne2+ 0-1

[Event "*** Titled Tuesday Blitz"]
[Site "Chess.com"]
[Date "2020.11.24"]
[Round "3"]
[White "ChessWarrior3"]
[Black "JoachimMouhamad"]
[Result "0-1"]
[WhiteElo "2089"]
[BlackElo "2475"]
[TimeControl "180+1"]
[EndTime "10:44:23 PST"]
[Termination "JoachimMouhamad won on time"]

1. e4 e5 2. Nf3 Nc6 3. Bb5 a6 4. Ba4 Nf6 5. O-O Be7 6. Re1 b5 7. Bb3 d6 8. c3 O-O 9. d4 Bg4 10. Be3 exd4 11. cxd4 d5 12. e5 Ne4 13. h3 Bh5 14. Bc2 Nb4 15. Nc3 Nxc2 16. Qxc2 Bg6 17. Rac1 Nc5 18. Qd2 Nd3 19. a3 Rb8 20. b3 Nxc1 21. Rxc1 Bxa3 22. Ra1 Bb4 23. Rxa6 Ra8 24. Rxa8 Qxa8 25. Qb2 c6 26. e6 f6 27. Ne2 Re8 28.
Nf4 Qa3 29. Qxa3 Bxa3 30. Nh4 Bc2 0-1

[Event "*** Titled Tuesday Blitz"]
[Site "Chess.com"]
[Date "2020.11.24"]
[Round "3"]
[White "parintele_chess"]
[Black "boasovietica"]
[Result "1-0"]
[WhiteElo "2208"]
[BlackElo "2415"]
[TimeControl "180+1"]
[EndTime "10:44:25 PST"]
[Termination "parintele_chess won by resignation"]

1. c4 c5 2. g3 Nc6 3. Bg2 e5 4. Nc3 g6 5. a3 a5 6. Rb1 Bg7 7.
d3 Nge7 8. e3 d6 9. Nge2 O-O 10.
O-O Rb8 11. Nd5 b5 12. cxb5 Rxb5 13. Nec3 Rb8 14. Nxe7+ Nxe7 15. Nd5 Bd7 16. Bd2 a4 17. b3 axb3 18. Rxb3 Rxb3 19. Qxb3 Be6 20. Nxe7+ Qxe7 21. Bd5 Bh3 22. Rb1 Kh8 23. Bg2 Bxg2 24. Kxg2 f5 25. Qd5 g5 26. Rb7 Qf6 27. f4 exf4 28. exf4 g4 29. a4 Re8 30. Kf2 Qh6 31. Kg1 Bd4+ 32. Kh1 Qh3 33. Rb1 Kg7 34. Qxf5 Rb8 35. Qd7+ Kg6 36. Qxd6+ 1-0

[Event "*** Titled Tuesday Blitz"]
[Site "Chess.com"]
[Date "2020.11.24"]
[Round "3"]
[White "KetiGrant"]
[Black "rugbyclub"]
[Result "1-0"]
[WhiteElo "2417"]
[BlackElo "2176"]
[TimeControl "180+1"]
[EndTime "10:44:25 PST"]
[Termination "KetiGrant won on time"]

1. e4 e6 2. d4 d5 3. Nc3 Bb4 4.
e5 Ne7 5. a3 Bxc3+ 6. bxc3 b6 7.
a4 a5 8. Bb5+ c6 9. Bd3 Ba6 10.
Ba3 Nd7 11. Nf3 Bxd3 12. Qxd3 O-O 13. O-O c5 14. c4 Rc8 15. cxd5 Nxd5 16. c4 Nb4 17.
Bxb4 cxb4 18. d5 Nc5 19. Qd1 Qd7 20. d6 b3 21. Nd4 b2 22. Ra2 f6 23. f4 fxe5 24.
fxe5 Rxf1+ 25. Kxf1 Ne4 26. Rxb2 Rxc4 27. Rxb6 Qf7+ 28.
Nf3 g5 29. d7 1-0

[Event "*** Titled Tuesday Blitz"]
[Site "Chess.com"]
[Date "2020.11.24"]
[Round "3"]
[White "HouseOfDurin"]
[Black "mortngabriel"]
[Result "0-1"]
[WhiteElo "2123"]
[BlackElo "2351"]
[TimeControl "180+1"]
[EndTime "10:44:25 PST"]
[Termination "mortngabriel won on time"]

1. d4 Nf6 2. Bg5 d6 3. Bxf6 exf6 4. c4 d5 5. cxd5 Qxd5 6. Nc3 Bb4 7. e3 O-O 8. Ne2 c5 9. dxc5 Qxc5 10. a3 Bxc3+ 11.
Nxc3 Nc6 12. Be2 Rd8 13. Qa4 Be6 14. O-O Rd2 15. Ne4 Qc2 16. Qxc2 Rxc2 17. Bd3 Rxb2 18.
Rfb1 Rxb1+ 19. Rxb1 b6 20. Ba6 Rd8 21. Bb7 Na5 22.
Ng3 Nxb7 23. Rc1 Nc5 24. h3 Rd3 25. a4 Ra3 26. Ne2 Rxa4 27. Nd4 g6 28. g4 Ra2 29. Kg2 Rxf2+ 30. Kg3 Rb2 31. h4 a5 32. h5 g5 33. h6 a4 34. Rd1 Rd2 35. Rb1 Nb3 36. Nxb3 axb3 37. Ra1 Kf8 38. Ra7 b2 39. Ra8+ Ke7 40.
Ra7+ Rd7 41. Ra6 b1=Q 42. e4 Rd3+ 43. Kf2 Qc2+ 0-1

[Event "*** Titled Tuesday Blitz"]
[Site "Chess.com"]
[Date "2020.11.24"]
[Round "3"]
[White "pavelalexandru07"]
[Black "oykuince"]
[Result "1-0"]
[WhiteElo "2302"]
[BlackElo "1978"]
[TimeControl "180+1"]
[EndTime "10:44:25 PST"]
[Termination "pavelalexandru07 won by resignation"]

1. e4 c5 2. Nf3 e6 3. d4 cxd4 4.
Nxd4 Nc6 5. c4 Nf6 6. Nc3 Bb4 7. Nxc6 bxc6 8. e5 Qa5 9. exf6 Bxc3+ 10. bxc3 Qxc3+ 11. Bd2 Qxf6 12. Be2 O-O 13. O-O d5 14. cxd5 cxd5 15.
Bf3 Bd7 16. Rb1 Rfc8 17. Qb3 a6 18. Rfc1 Bb5 19. Rxc8+ Rxc8 20. a4 Bc4 21. Qb7 Re8 22. Qb8 Rf8 23. Qf4 Qg6 24. Rb8 Qd3 25. Rxf8+ Kxf8 26. Bb4+ Ke8 27. Qb8+ Kd7 28. Qb7+ Kd8 29. Ba5+ 1-0

[Event "*** Titled Tuesday Blitz"]
[Site "Chess.com"]
[Date "2020.11.24"]
[Round "3"]
[White "chenxiaoyuer"]
[Black "Ladislav1969"]
[Result "0-1"]
[WhiteElo "2505"]
[BlackElo "2351"]
[TimeControl "180+1"]
[EndTime "10:44:26 PST"]
[Termination "Ladislav1969 won by resignation"]

1. e4 c5 2. Nf3 e6 3. d4 cxd4 4. Nxd4 a6 5. Nc3 b5 6. Bd3 Nc6 7. Nxc6 dxc6 8. O-O e5 9. a4 b4 10. Nb1 Nf6 11. Nd2 Bc5 12. Nc4 Qc7 13. Be3 Bxe3 14. Nxe3 O-O 15. Qe2 a5 16. Rad1 Be6 17. Bc4 Rfe8 18.
Bxe6 Rxe6 19. Nc4 Nd7 20. Rd2 Nc5 21. Rfd1 Nxa4 22. Rd7 Qb8 23. Qh5 g6 24. Qf3 Qf8 25. Rc7 Rae8 26. Rdd7 R8e7 27. Rxe7 Rxe7 28. Rxc6 Qd8 29.
h3 Qe8 30. Rd6 Nc5 31. Qd1 Kg7 32. Qd5 Nb7 33. Rb6 Qc8 34. Kh2 Nd8 35. Nxe5 Qc7 36. Rd6 Nb7 37. Qc6 Qxd6 38. Qxd6 Nxd6 0-1

[Event "*** Titled Tuesday Blitz"]
[Site "Chess.com"]
[Date "2020.11.24"]
[Round "3"]
[White "Evgeny81"]
[Black "OsorioFernando"]
[Result "1-0"]
[WhiteElo "2726"]
[BlackElo "2328"]
[TimeControl "180+1"]
[EndTime "10:44:28 PST"]
[Termination "Evgeny81 won by resignation"]

1. e4 d5 2. d3 Nc6 3. Nf3 Bg4 4. Be2 Nf6 5. Nbd2 e5 6. O-O Bc5 7. c3 dxe4 8. dxe4 O-O 9. b4 Bd6 10. h3 Bh5 11. Qc2 Bg6 12. Nh4 a6 13. Nxg6 hxg6 14. a3 Ne7 15. Nc4 b5 16. Na5 c5 17. Rd1 Qc7 18. Qb1 Nc6 19. Nb3 c4 20. Nd2 Nh5 21. g3 f5 22. exf5 Nxg3 23. fxg3 Qb6+ 24. Kg2 Qe3 25. Qe4 Qxc3 26. Qxc6 Qxa1 27. Qxd6 gxf5 28.
Nf3 Rae8 29. Ng5 f4 30. Qg6 Rf6 31. Qxe8+ 1-0

[Event "*** Titled Tuesday Blitz"]
[Site "Chess.com"]
[Date "2020.11.24"]
[Round "3"]
[White "Grieve72"]
[Black "Iskusnyh"]
[Result "1/2-1/2"]
[WhiteElo "2415"]
[BlackElo "2576"]
[TimeControl "180+1"]
[EndTime "10:44:28 PST"]
[Termination "Game drawn by repetition"]

1. d4 d5 2. Bg5 h6 3. Bh4 c5 4. dxc5 g5 5. Bg3 Bg7 6. c3 Nc6 7. Nf3 e5 8. e4 dxe4 9. Nfd2 Nf6 10. h4 g4 11. Bc4 O-O 12. Qe2 Bf5 13. b4 Nh5 14. O-O Nf4 15. Qe3 Nd5 16. Qe2 Nf4 17.
Qe3 Kh8 18. Nxe4 Bxe4 19. Qxe4 f5 20. Qc2 Nh5 21. Nd2 f4 22. Qg6 Nxg3 23. fxg3 Qxd2 24. Bd3 Kg8 25. Bc4+ Kh8 26. Bd3 Kg8 27. Bc4+ Kh8 1/2-1/2

[Event "*** Titled Tuesday Blitz"]
[Site "Chess.com"]
[Date "2020.11.24"]
[Round "3"]
[White "DanielNaroditsky"]
[Black "NikolaGry"]
[Result "0-1"]
[WhiteElo "3013"]
[BlackElo "2735"]
[TimeControl "180+1"]
[EndTime "10:44:29 PST"]
[Termination "NikolaGry won by checkmate"]

1. b3 d5 2. Bb2 Bg4 3. h3 Bh5 4. g4 Bg6 5. Bg2 e6 6. Nf3 Nd7 7. c4 c6 8. d3 Bb4+ 9. Nbd2 Ngf6 10. a3 Be7 11. h4 Nxg4 12. h5 Bf5 13. e4 dxe4 14.
dxe4 Nc5 15. exf5 Nd3+ 16. Kf1 Ngxf2 17. Qe2 Nxh1 18. Bxh1 Nxb2 19. h6 gxh6 20. fxe6 fxe6 21. Ne5 Rf8+ 22. Kg2 Rf5 23. Ndf3 Bf6 24. Ng4 Qe7 25. Rb1 Rd8 26. Rxb2 Bxb2 27. Qxb2 e5 28. Qc2 e4 29. Nfh2 Rf4 30. Qc3 Qg5 31. Qh8+ Rf8 32. Qxh7 Rd2+ 33.
Kg3 Qf4+ 34. Kh3 Rd3+ 35. Kg2 Rg3# 0-1

[Event "*** Titled Tuesday Blitz"]
[Site "Chess.com"]
[Date "2020.11.24"]
[Round "3"]
[White "Margarita2907"]
[Black "ChainsOfFantasia"]
[Result "0-1"]
[WhiteElo "2247"]
[BlackElo "2473"]
[TimeControl "180+1"]
[EndTime "10:44:30 PST"]
[Termination "ChainsOfFantasia won by resignation"]

1. e4 e6 2. d4 d5 3. Nd2 c5 4. Ngf3 cxd4 5. Nxd4 Nc6 6. Nxc6 bxc6 7. Bd3 Nf6 8. Qe2 Be7 9. O-O O-O 10. e5 Nd7 11. c3 a5 12. a4 Qc7 13. f4 Ba6 14.
Bxa6 Qb6+ 15. Kh1 Qxa6 16. Qg4 Nc5 17. h4 Ne4 18. Rf3 Qe2 19. Nxe4 dxe4 20. Rg3 Qxg4 21.
Rxg4 Rfd8 22. Be3 Rd3 23. Re1 Rb8 24. Re2 h5 25. Rg3 g6 26. Rh3 Rd1+ 27. Kh2 Rb1 28. Bd4 c5 29. Bg1 R8xb2 30. Rxe4 Ra2 31. Be3 Rbb2 32. Rc4 Rxg2+ 33. Kh1 Rgc2 34. Rg3 Bxh4 0-1

[Event "*** Titled Tuesday Blitz"]
[Site "Chess.com"]
[Date "2020.11.24"]
[Round "3"]
[White "Smile2005"]
[Black "MikeSailer"]
[Result "1/2-1/2"]
[WhiteElo "2356"]
[BlackElo "2159"]
[TimeControl "180+1"]
[EndTime "10:44:31 PST"]
[Termination "Game drawn by repetition"]

1. Nf3 d5 2. g3 Nf6 3. Bg2 Bf5 4. O-O e6 5. d4 Be7 6. c4 O-O 7. Nc3 h6 8. Nd2 c6 9. e4 dxe4 10. Ndxe4 Nxe4 11. Nxe4 Nd7 12. h3 Nf6 13. Nc3 Qb6 14. Qb3 Rfd8 15. Be3 Qxb3 16. axb3 Bb4 17. Rac1 Rd7 18. Rfe1 Rad8 19. Ra1 a6 20. Rac1 g5 21. Re2 Bxc3 22. bxc3 Bd3 23. Rd2 Be4 24. f3 Bg6 25. Ra1 Ne8 26. Ra4 Nd6 27. Kf2 Nf5 28. c5 Nxe3 29.
Kxe3 e5 30. f4 gxf4+ 31. gxf4 exd4+ 32. Raxd4 Re7+ 33. Kf2 Rde8 34. Rd7 Re3 35. Rxb7 Rxc3 36. Bxc6 Ree3 37. Bd5 Rxh3 38. Re2 Rxc5 39. Bc4 Rh2+ 40.
Ke1 Rxe2+ 41. Kxe2 a5 42. Ra7 h5 43. Kf3 Kg7 44. Kg3 Kf6 45. Ra6+ Kg7 46. Ra7 Kf6 47. Kf3 Bf5 48. Kg3 Bg6 1/2-1/2

[Event "*** Titled Tuesday Blitz"]
[Site "Chess.com"]
[Date "2020.11.24"]
[Round "3"]
[White "CraiggoryC"]
[Black "OnePeculiarConundrum"]
[Result "0-1"]
[WhiteElo "2129"]
[BlackElo "2354"]
[TimeControl "180+1"]
[EndTime "10:44:31 PST"]
[Termination "OnePeculiarConundrum won on time"]

1. e4 c5 2. Nf3 d6 3. d4 cxd4 4.
Nxd4 Nf6 5. Nc3 a6 6. Be3 e6 7. g4 Be7 8. g5 Nfd7 9. Qh5 g6 10. Qg4 Ne5 11. Qg2 b5 12. f4 Ned7 13. f5 e5 14. f6 exd4 15. fxe7 Qxe7 16. Bxd4 Ne5 17. Nd5 Qb7 18. Nf6+ Ke7 19. Bxe5 dxe5 20. O-O-O Be6 21. Kb1 Nc6 22. Nd5+ Kf8 23. Qf2 Rd8 24. h4 Rg8 25. Bh3 Bxh3 26. Rxh3 Ne7 27. Qf6 Re8 28. Nb6 Rg7 29.
Nd7+ Kg8 30. Nxe5 Qxe4 31. Rhd3 Qa8 32. Nd7 Nf5 0-1

[Event "*** Titled Tuesday Blitz"]
[Site "Chess.com"]
[Date "2020.11.24"]
[Round "3"]
[White "Pelopidass"]
[Black "Chuchofrio1"]
[Result "1-0"]
[WhiteElo "2592"]
[BlackElo "2409"]
[TimeControl "180+1"]
[EndTime "10:44:32 PST"]
[Termination "Pelopidass won by checkmate"]

1. e4 c5 2. Nf3 Nc6 3. b3 g6 4.
Bb2 Nf6 5. e5 Nd5 6. Bc4 Nb6 7.
Bxf7+ Kxf7 8. Ng5+ Kg8 9. Qf3 Qe8 10. a4 Nd4 11. Bxd4 cxd4 12. a5 h6 13. Nh3 Bg7 14.
axb6 a6 15. Nf4 Bxe5 16. Qd5+ Qf7 17. Qxe5 d6 18. Qd5 e6 19. Qf3 e5 20. Nd5 Bf5 21. d3 Rf8 22. O-O Qe6 23. Nc7 Qd7 24. Nd2 Kh7 25.
Qxb7 Rf7 26. Qd5 Rhf8 27. f3 Qd8 28. Ne4 Qh4 29. Rxa6 g5 30. Ra8 g4 31. Rxf8 Rxf8 32.
Nxd6 g3 33. hxg3 Qxg3 34. Nxf5 Rxf5 35. Qd7+ Kg6 36. Qe6+ Kg5 37. Qg8+ Kf4 38. Nd5# 1-0

[Event "*** Titled Tuesday Blitz"]
[Site "Chess.com"]
[Date "2020.11.24"]
[Round "3"]
[White "djano"]
[Black "PattyCastillo"]
[Result "1-0"]
[WhiteElo "2471"]
[BlackElo "2051"]
[TimeControl "180+1"]
[EndTime "10:44:32 PST"]
[Termination "djano won by checkmate"]

1. d4 d5 2. Nf3 Nf6 3. Bf4 c5 4. e3 Nc6 5. Nbd2 Bf5 6. dxc5 e6 7. Nd4 Bg6 8. Bb5 Rc8 9. Nxc6 bxc6 10. Ba6 Bxc5 11. Bxc8 Qxc8 12. O-O O-O 13. Nf3 Qb7 14. Rb1 Bh5 15. h3 Re8 16. Be5 Be7 17. c3 Bg6 18. Ra1 Qxb2 19. c4 Qb7 20. cxd5 cxd5 21. Qb3 Qa6 22. Rfc1 Ne4 23. Rc7 Bf6 24. Qb7 Qe2 25. Rf1 Bxe5 26. Rc8 Bh2+ 27. Kxh2 Nf6 28. Rfc1 Qxf2 29. Qb8 Kf8 30. Qb4+ Kg8 31. Qe7 h5 32. Rxe8+ Kh7 33. Rcc8 Qxe3 34. Rh8# 1-0

[Event "*** Titled Tuesday Blitz"]
[Site "Chess.com"]
[Date "2020.11.24"]
[Round "3"]
[White "QuintilianoR"]
[Black "exoticprincess"]
[Result "0-1"]
[WhiteElo "2666"]
[BlackElo "2906"]
[TimeControl "180+1"]
[EndTime "10:44:34 PST"]
[Termination "exoticprincess won on time"]

1. Nf3 Nf6 2. c4 g6 3. Nc3 Bg7 4. d4 d6 5. e4 O-O 6. Be2 Na6 7. O-O c6 8. h3 e5 9. d5 Nc5 10. Qc2 cxd5 11. cxd5 a5 12. Be3 b6 13. Nd2 Nh5 14.
Bxh5 gxh5 15. Bxc5 bxc5 16. Nc4 Kh8 17. Ne3 Rg8 18.
Qe2 Bh6 19. Qxh5 Bf4 20. Nf5 Qf6 21. h4 Rg6 22. g3 Bd7 23. Kh1 Rag8 24. Rg1 Bd2 25.
Rad1 Bxc3 26. bxc3 Rg4 27. Qh6 R4g6 28. Qh5 a4 29. Rd2 a3 30. Rb1 Rg4 31. Rb7 Bxf5 32. exf5 R4g7 33. Qf3 Rg4 0-1

[Event "*** Titled Tuesday Blitz"]
[Site "Chess.com"]
[Date "2020.11.24"]
[Round "3"]
[White "penguingm1"]
[Black "elamier"]
[Result "1-0"]
[WhiteElo "2975"]
[BlackElo "2351"]
[TimeControl "180+1"]
[EndTime "10:44:34 PST"]
[Termination "penguingm1 won by resignation"]

1. Nh3 d5 2. g3 Nf6 3. Bg2 Nbd7 4. O-O e5 5. f4 Bd6 6. fxe5 Nxe5 7. d4 Ng6 8. Nc3 c6 9. Bg5 Be7 10. Qd3 O-O 11.
Nf2 Re8 12. Rad1 Ng4 13. Bc1 Bg5 14. e4 Bxc1 15. Rxc1 Nxf2 16. Rxf2 dxe4 17. Nxe4 Be6 18. Rcf1 b5 19. b3 f6 20. c4 bxc4 21. bxc4 Ne5 22. Qc3 Nxc4 23. Rxf6 Bd5 24. R6f4 Qa5 25. Qxa5 Nxa5 26.
Nd6 Rf8 27. Nf5 Kh8 28. Ne7 Bxg2 29. Rxf8+ 1-0

[Event "*** Titled Tuesday Blitz"]
[Site "Chess.com"]
[Date "2020.11.24"]
[Round "3"]
[White "nitpicker"]
[Black "MrChampion_Coach"]
[Result "0-1"]
[WhiteElo "2283"]
[BlackElo "2516"]
[TimeControl "180+1"]
[EndTime "10:44:34 PST"]
[Termination "MrChampion_Coach won by checkmate"]

1. d4 Nf6 2. c4 e6 3. g3 d5 4. Nf3 dxc4 5. Bg2 Bd7 6. Ne5 Bc6 7. Nxc6 Nxc6 8. e3 Qd7 9. O-O O-O-O 10. Qe2 e5 11. Nc3 exd4 12. exd4 Nxd4 13. Qxc4 Qe6 14. Qa4 Bc5 15. Be3 Ng4 16. Bf4 Bb6 17. Rfe1 Qf6 18.
Nd5 Rxd5 19. Bxd5 Nxf2 20. Be3 Nf3+ 21. Kg2 Nxe1+ 22. Rxe1 Bxe3 23. Rxe3 Qxb2 24. Kf3 Nh3 25. Re2 Ng5+ 26. Kf2 Nh3+ 27. Kf3 Ng1+ 28. Kf4 Nxe2+ 29. Kg4 f5+ 30. Kg5 h6+ 31. Kg6 Qf6+ 32. Kh5 Qg5# 0-1

[Event "*** Titled Tuesday Blitz"]
[Site "Chess.com"]
[Date "2020.11.24"]
[Round "3"]
[White "vanyakuba"]
[Black "lifeissofun"]
[Result "1-0"]
[WhiteElo "2474"]
[BlackElo "2250"]
[TimeControl "180+1"]
[EndTime "10:44:34 PST"]
[Termination "vanyakuba won by resignation"]

1. e4 c5 2. Nc3 e6 3. f4 Nc6 4. Nf3 d5 5. Bb5 d4 6. Bxc6+ bxc6 7.
Nb1 Nf6 8. d3 Be7 9. O-O O-O 10.
b3 a5 11. a4 Qc7 12. Na3 Nd7 13. Nc4 Ba6 14. Ba3 Bxc4 15. bxc4 Rab8 16. Nd2 e5 17. f5 Bg5 18. Nb3 Qd6 19. Nxa5 Ra8 20. Nb7 Qe7 21. a5 Rfb8 22. Rb1 Be3+ 23. Kh1 Ra7 24. Nxc5 Rba8 25. Nxd7 Qxa3 26. Nxe5 Qd6 27. Ng4 Bf4 28.
g3 Bg5 29. e5 Qd7 30. h4 Bd8 31. Qf3 Rxa5 32. Rbe1 Ra2 33. e6 fxe6 34. fxe6 Qe7 35.
Qf7+ 1-0

[Event "*** Titled Tuesday Blitz"]
[Site "Chess.com"]
[Date "2020.11.24"]
[Round "3"]
[White "IANOV0007"]
[Black "vovachesss"]
[Result "0-1"]
[WhiteElo "2398"]
[BlackElo "2667"]
[TimeControl "180+1"]
[EndTime "10:44:35 PST"]
[Termination "vovachesss won by resignation"]

1. Nf3 Nc6 2. g3 e5 3. d3 Nf6 4.
Bg2 d6 5. O-O g6 6. c4 Bg7 7.
Nc3 O-O 8. Bg5 Be6 9. Nd5 Bxd5 10. cxd5 Ne7 11. e4 h6 12. Bd2 c6 13. dxc6 Nxc6 14.
b4 Qd7 15. b5 Nd8 16. a4 Ne6 17. Bb4 Rac8 18. Bh3 Rc7 19. Kg2 Nh5 20. Kh1 Rfc8 21.
Nh4 Qe7 22. Nf5 gxf5 23. Qxh5 fxe4 24. dxe4 Rc4 25. Bd2 Qf6 26. Bf5 Rc2 27. Be3 R8c3 28. Rad1 Nd4 29. Bxd4 exd4 30. e5 dxe5 31. Bxc2 Rxc2 32.
Kg2 e4 33. Qg4 e3 34. Rc1 Rxf2+ 35. Rxf2 Qxf2+ 36. Kh3 e2 37. Rc8+ Kh7 38. Qe4+ f5 39. Qe6 e1=Q 40. Qg8+ Kg6 41. Rc7 Qef1+ 0-1

[Event "*** Titled Tuesday Blitz"]
[Site "Chess.com"]
[Date "2020.11.24"]
[Round "3"]
[White "Loy_Konstantin"]
[Black "GelmanAlexander"]
[Result "0-1"]
[WhiteElo "2393"]
[BlackElo "2568"]
[TimeControl "180+1"]
[EndTime "10:44:36 PST"]
[Termination "GelmanAlexander won by resignation"]

1. e4 c5 2. Nf3 e6 3. d3 Nc6 4.
g3 Nf6 5. Bg2 d5 6. Nbd2 Be7 7.
O-O O-O 8. Re1 a5 9. e5 Nd7 10.
Nf1 a4 11. a3 b5 12. h4 b4 13. h5 h6 14. Bf4 bxa3 15. bxa3 Rb8 16. Qc1 Nd4 17. N1h2 Rb6 18. Nxd4 cxd4 19. Nf3 Bc5 20. g4 f6 21. exf6 Qxf6 22. Bg3 Bd6 23. Bxd6 Rxd6 24.
g5 hxg5 25. Qxg5 e5 26. Qg3 e4 27. dxe4 dxe4 28. Rxe4 Bb7 29. Rg4 Bxf3 30. Bxf3 Qxf3 31. Rxg7+ Kh8 32. Qxf3 Rxf3 33. Rg4 Ne5 34. Rg3 Rc6 35. Rd1 Rxc2 36. Rxd4 Rxg3+ 0-1

[Event "*** Titled Tuesday Blitz"]
[Site "Chess.com"]
[Date "2020.11.24"]
[Round "3"]
[White "WonderChampion"]
[Black "kanzaww"]
[Result "0-1"]
[WhiteElo "2048"]
[BlackElo "2471"]
[TimeControl "180+1"]
[EndTime "10:44:36 PST"]
[Termination "kanzaww won by checkmate"]

1. d4 d5 2. Nf3 Nf6 3. e3 c5 4. dxc5 Nc6 5. c4 e5 6. cxd5 Qxd5 7. Qxd5 Nxd5 8. Bb5 f6 9. O-O Bxc5 10. Rd1 Nc7 11. Bc4 Bg4 12. Nc3 Ke7 13. b3 Rhd8 14. Bb2 Rxd1+ 15. Rxd1 Rd8 16. Rc1 Bb4 17. Ne2 Bxf3 18.
gxf3 Rd2 19. Bc3 Bxc3 20. Nxc3 Na5 21. Bf1 Nc6 22. f4 exf4 23. exf4 Ne6 24. Re1 f5 25. Bc4 Nd4 26. Nd5+ Kd6 27. Kg2 b5 28. Ne3 Nxf4+ 29. Kf1 Nf3 30. Nxf5+ Kc7 31. Re7+ Kd8 32. Bxb5 Rd1+ 33.
Re1 Rxe1# 0-1

[Event "*** Titled Tuesday Blitz"]
[Site "Chess.com"]
[Date "2020.11.24"]
[Round "3"]
[White "FMAntonio"]
[Black "igorknyazev"]
[Result "1-0"]
[WhiteElo "2369"]
[BlackElo "2045"]
[TimeControl "180+1"]
[EndTime "10:44:36 PST"]
[Termination "FMAntonio won by resignation"]

1. e4 e5 2. Nf3 Nf6 3. Nc3 Bb4 4. Nxe5 O-O 5. Nd3 Bxc3 6. dxc3 Nxe4 7. Be2 b6 8. O-O Bb7 9. Bf4 Nc6 10. f3 Nf6 11.
Qd2 Nd5 12. Bg5 f6 13. Bh4 Nce7 14. c4 Nf5 15. cxd5 Nxh4 16. c4 Qe8 17. g3 Nf5 18.
Rfe1 d6 19. Bf1 Qg6 20. Nf4 Qh6 21. Qf2 Bc8 22. Bd3 Bd7 23. Ne6 Bxe6 24. Rxe6 Qg5 25.
Rae1 h5 26. f4 Qg4 27. Be2 Qg6 28. Bf3 h4 29. g4 Nh6 30. h3 Rae8 31. f5 Nxf5 32. Be4 Rxe6 33. dxe6 Qg5 34. Bxf5 Re8 35. e7 g6 36. Bd7 f5 37. Bxe8 1-0

[Event "*** Titled Tuesday Blitz"]
[Site "Chess.com"]
[Date "2020.11.24"]
[Round "3"]
[White "GM_LOADING"]
[Black "Vincent_Vega95"]
[Result "1-0"]
[WhiteElo "2471"]
[BlackElo "2795"]
[TimeControl "180+1"]
[EndTime "10:44:37 PST"]
[Termination "GM_LOADING won by resignation"]

1. e4 c5 2. Nf3 d6 3. d4 cxd4 4. Nxd4 Nf6 5. Nc3 a6 6. Be2 e5 7. Nf3 h6 8. Nd2 b5 9. a4 b4 10. Nd5 Nxd5 11. exd5 a5 12. O-O Be7 13. Bb5+ Bd7 14.
Nc4 O-O 15. Be3 Bxb5 16. axb5 Qd7 17. Nb6 Qb7 18. Nxa8 Qxa8 19. Qd3 Nd7 20. b6 Bg5 21. Bxg5 hxg5 22. Qb5 Qb7 23. Rxa5 Nxb6 24. Qxb4 Qc7 25. Ra6 Nxd5 26. Qxd6 Qc4 27. b3 Qe2 28. Qxd5 Qxa6 29. Qxe5 Rc8 30. c4 Qa2 31. Qg3 Qe2 32. Qxg5 Re8 33.
h3 Qd3 34. Qg3 Qc2 35. Ra1 Re6 36. Ra8+ Kh7 37. Rd8 Qc1+ 38. Kh2 Re1 39. Qh4+ Kg6 40. Qg4+ Kh7 41. Qh5+ 1-0

[Event "*** Titled Tuesday Blitz"]
[Site "Chess.com"]
[Date "2020.11.24"]
[Round "3"]
[White "kleopl"]
[Black "Son_of_Sultan"]
[Result "0-1"]
[WhiteElo "2514"]
[BlackElo "2720"]
[TimeControl "180+1"]
[EndTime "10:44:38 PST"]
[Termination "Son_of_Sultan won on time"]

1. c4 b6 2. Nc3 Bb7 3. e4 e5 4. d3 Nc6 5. g3 Bc5 6. Bg2 Nge7 7.
Nge2 O-O 8. O-O Nd4 9. Be3 f5 10. Bxd4 exd4 11. Nd5 fxe4 12. dxe4 Nxd5 13. cxd5 Qf6 14. Nf4 a5 15. Nd3 Ba6 16. Rc1 d6 17. Qd2 Rae8 18. Rc2 Qg6 19. Re1 h6 20. a3 a4 21. h4 Bb5 22. Nf4 Rxf4 23. Qxf4 Rf8 24. Qc1 d3 25. Rd2 Rxf2 26. Rxf2 Qxg3 27. Rf1 Bd4 28.
Qd2 Be5 0-1